Map: Neon Violet Square LE

Players

Dark - Winner!

  • Race: Zerg Zerg
  • Spawn Location: 5:00

uThermal

  • Race: Terran Terran
  • Spawn Location: 11:00

Event: WESG 2017 Haikou

VOD

Have the link to the VOD?

Description

Time

  • Played on: March 14, 2018, 1:08 a.m.
  • Length: 26:51

All games in this series

Show
View Real Time Build Order
Export as new Build Order

Dark Zerg - Winner!

Build Orders: Hatch First, Roach Hydra 

Get SALT Encoding   

  12  0:00  Drone  
  13  0:13  Overlord  
  13  0:17  Drone  
  14  0:32  Drone x2  
  16  0:36  Drone  
  17  0:52  Hatchery  
  17  0:56  Drone  
  17  1:01  Drone  
  18  1:11  Extractor  
  17  1:16  Spawning Pool  
  17  1:18  Drone  
  17  1:21  Drone  
  18  1:29  Drone  
  20  1:40  Drone  
  20  1:51  Overlord  
  20  2:04  Queen x2  
  20  2:05  Zergling x4  
  26  2:11  Metabolic Boost  
  26  2:13  Drone  
  27  2:16  Drone  
  28  2:23  Drone  
  28  2:27  Drone  
  30  2:35  Drone  
  31  2:40  Hatchery  
  30  2:47  Queen  
  30  2:50  Drone  
  33  2:55  Overlord  
  33  2:58  Drone  
  33  3:01  Overlord  
  33  3:04  Drone  
  35  3:09  Drone  
  36  3:14  Drone  
  36  3:15  Drone x3  
  36  3:18  Drone  
  41  3:21  Drone  
  41  3:24  Drone x2  
  44  3:32  Roach Warren  
  43  3:38  Drone x3  
  45  3:42  Drone  
  45  3:43  Queen  
  49  3:48  Zergling x4  
  49  3:50  Zergling x2  
  49  3:53  Extractor, Zergling x2  
  49  3:54  Extractor  
  50  3:56  Overlord  
  50  3:58  Overlord  
  50  4:02  Overlord  
  50  4:11  Drone  
  50  4:12  Drone  
  50  4:13  Roach x2  
  50  4:16  Roach x2  
  60  4:17  Roach  
  60  4:22  Drone x3  
  65  4:30  Overlord  
  65  4:32  Drone x2  
  65  4:35  Lair  
  67  4:44  Drone, Spore Crawler  
  67  4:48  Drone  
  64  4:59  Drone x4  
  68  5:01  Drone  
  68  5:02  Drone x4  
  72  5:07  Drone x2  
  74  5:14  Drone x2  
  74  5:18  Spore Crawler  
  74  5:20  Drone  
  76  5:27  Overlord  
  74  5:32  Drone  
  74  5:33  Glial Reconstitution  
  75  5:37  Overlord  
  75  5:38  Drone x3  
  75  5:40  Drone x2  
  80  5:43  Overseer  
  80  5:47  Drone x2  
  82  5:52  Drone x3  
  82  5:53  Drone x3  
  88  5:57  Drone  
  88  5:58  Drone  
  88  6:02  Extractor  
  89  6:04  Extractor  
  89  6:06  Evolution Chamber x2  
  89  6:09  Roach  
  89  6:10  Roach  
  90  6:14  Extractor, Infestation Pit  
  90  6:18  Hatchery  
  87  6:21  Pneumatized Carapace  
  87  6:22  Overlord x2  
  87  6:23  Drone x2  
  87  6:25  Drone  
  90  6:28  Drone x2  
  90  6:32  Zerg Missile Weapons Level 1  
  92  6:34  Zerg Ground Armor Level 1  
  92  6:39  Drone  
  93  6:43  Roach x2  
  95  6:47  Overseer  
  95  6:48  Overseer  
  94  6:56  Drone, Overseer x4  
  94  6:58  Drone, Overseer, Overlord x2  
  94  6:59  Overseer  
  94  7:00  Drone x2  
  98  7:03  Hive  
  98  7:10  Drone x5  
  98  7:11  Drone x2  
  98  7:14  Hydralisk Den  
  98  7:15  Drone  
  105  7:18  Overseer  
  105  7:19  Drone x3  
  105  7:20  Drone  
  109  7:25  Drone x2  
  109  7:26  Drone x2  
  113  7:30  Drone  
  113  7:32  Extractor  
  113  7:33  Spore Crawler  
  113  7:35  Extractor  
  111  7:38  Hatchery  
  110  7:45  Grooved Spines  
  110  7:47  Spore Crawler  
  109  8:01  Overlord x2  
  109  8:02  Roach x3  
  115  8:05  Spine Crawler  
  115  8:07  Spine Crawler  
  115  8:08  Overlord x2  
  109  8:14  Drone x2  
  109  8:26  Viper x3  
  112  8:29  Hydralisk x11  
  139  8:35  Drone x2  
  139  8:39  Drone x3  
  141  8:44  Drone x2  
  141  8:45  Drone  
  143  8:53  Zerg Missile Weapons Level 2, Zerg Ground Armor Level 2  
  143  8:56  Muscular Augments  
  143  8:59  Overlord  
  143  9:05  Overlord  
  143  9:08  Drone x2  
  143  9:09  Drone x6  
  151  9:12  Drone x3  
  151  9:15  Evolution Chamber  
  151  9:16  Evolution Chamber  
  152  9:19  Evolution Chamber  
  152  9:22  Hydralisk x5  
  152  9:24  Roach x2  
  161  9:26  Extractor  
  161  9:27  Extractor  
  159  9:32  Hydralisk x3  
  165  9:41  Drone  
  165  9:42  Drone x2  
  165  9:45  Drone x4  
  172  9:49  Drone, Spire  
  172  9:50  Drone x5  
  170  9:53  Drone x3, Overlord  
  172  10:04  Overlord x3  
  172  10:12  Hydralisk x2  
  176  10:18  Hydralisk  
  178  10:23  Hydralisk x7  
  178  10:25  Viper  
  193  10:31  Roach x3  
  193  10:33  Roach x2  
  193  10:34  Roach x2  
  197  10:46  Overlord x2  
  172  11:01  Hydralisk x9  
  172  11:02  Hydralisk x4, Ravager  
  172  11:03  Ravager x4  
  179  11:05  Viper  
  176  11:13  Roach  
  176  11:15  Roach  
  176  11:16  Zergling x2  
  176  11:17  Zergling x14  
  176  11:18  Roach  
  186  11:22  Roach x2  
  188  11:27  Roach x3  
  188  11:30  Viper x2  
  198  11:35  Roach  
  198  11:38  Roach  
  183  11:56  Zerg Missile Weapons Level 3, Zerg Ground Armor Level 3  
  169  12:06  Greater Spire  
  169  12:07  Hydralisk x2  
  169  12:08  Hydralisk x4  
  173  12:09  Hatchery  
  173  12:14  Roach x4  
  184  12:23  Hatchery  
  184  12:39  Corruptor  
  184  12:40  Corruptor x7  
  200  12:47  Hatchery  
  199  13:13  Overlord x2  
  197  13:25  Overlord x2  
  189  13:33  Brood Lord  
  189  13:34  Brood Lord x4  
  199  13:36  Brood Lord  
  199  13:38  Brood Lord  
  199  13:39  Brood Lord  
  199  13:44  Zerg Flyer Weapons Level 1  
  199  13:52  Spine Crawler  
  199  13:53  Spine Crawler  
  197  14:02  Spine Crawler  
  193  14:04  Drone x4  
  193  14:05  Drone x3  
  192  14:45  Hydralisk x8  
  175  14:46  Viper x3  
  192  14:56  Hydralisk x10  
  192  14:57  Hydralisk x2  
  194  15:03  Roach x9  
  200  15:13  Hydralisk  
  200  15:14  Hydralisk x5  
  195  15:22  Hydralisk x2  
  195  15:25  Zergling x2  
  195  15:27  Zerg Melee Weapons Level 1  
  194  15:41  Hydralisk  
  194  15:42  Hydralisk x6  
  176  15:43  Roach x4  
  176  15:46  Roach x2  
  176  15:47  Roach x2  
  176  15:48  Roach x2  
  194  15:53  Roach  
  186  16:01  Viper x2  
  186  16:03  Hydralisk x4  
  196  16:05  Roach x2  
  200  16:11  Spine Crawler  
  199  16:20  Hatchery  
  199  16:23  Zerg Flyer Weapons Level 2  
  198  16:25  Overlord x2  
  198  16:27  Overlord x2  
  170  16:33  Hydralisk x11  
  170  16:35  Roach  
  170  16:38  Roach x3  
  180  16:44  Hydralisk x2  
  180  16:46  Hydralisk x2  
  184  16:48  Roach x3  
  184  16:49  Hydralisk x2  
  194  16:56  Roach x3  
  200  17:03  Roach  
  200  17:05  Overlord  
  200  17:06  Overlord  
  192  17:20  Hydralisk x10  
  192  17:22  Roach x5  
  200  17:26  Viper  
  200  17:27  Viper x2  
  193  17:30  Roach x2  
  193  17:36  Drone x3  
  200  17:43  Hydralisk x3  
  200  17:55  Drone x2  
  200  17:56  Drone  
  191  17:59  Drone x4  
  191  18:00  Drone x4  
  191  18:01  Spine Crawler x2  
  191  18:03  Spine Crawler, Drone x3  
  196  18:10  Spire  
  195  18:21  Drone x4  
  195  18:23  Spine Crawler x2  
  195  18:39  Drone x6  
  195  18:40  Spine Crawler  
  195  18:41  Spine Crawler, Drone x5  
  197  18:42  Drone x3  
  197  18:47  Extractor  
  199  18:49  Extractor  
  194  19:11  Drone x3  
  194  19:12  Drone x2  
  195  19:21  Hatchery  
  194  19:24  Zerg Flyer Weapons Level 3  
  194  19:25  Zerg Flyer Armor Level 1  
  188  19:32  Corruptor  
  188  19:33  Corruptor x5  
  192  20:05  Evolution Chamber  
  191  20:07  Evolution Chamber  
  191  20:11  Brood Lord x5  
  193  20:15  Drone x5  
  193  20:18  Spine Crawler  
  193  20:19  Extractor  
  193  20:20  Extractor  
  190  20:24  Drone x3  
  188  20:34  Corruptor x4  
  189  20:56  Hatchery, Corruptor x2  
  189  20:57  Corruptor x5  
  198  21:08  Drone x2  
  180  21:19  Corruptor x6  
  180  21:20  Brood Lord  
  180  21:21  Brood Lord x3  
  180  21:25  Zerg Melee Weapons Level 2  
  198  21:44  Roach x3  
  192  21:50  Hydralisk x4  
  192  21:51  Hydralisk  
  200  21:55  Roach  
  192  22:11  Hydralisk x6  
  192  22:22  Hydralisk x4  
  197  23:24  Hydralisk x3  
  200  23:28  Hatchery  
  197  23:34  Hydralisk  
  197  23:39  Hatchery  
  194  23:45  Hydralisk x2  
  194  23:46  Hydralisk  
  200  23:50  Spine Crawler  
  200  23:51  Spine Crawler  
  200  23:52  Spine Crawler  
  200  23:53  Drone x3  
  200  23:56  Hatchery  
  199  24:03  Zerg Flyer Armor Level 2  
  199  24:06  Zerg Melee Weapons Level 3  
  199  24:08  Adrenal Glands  
  199  24:13  Hydralisk  
  191  24:33  Hatchery  
  167  24:48  Hydralisk x7  
  167  24:49  Hydralisk x5  
  164  24:55  Roach x2  
  158  25:01  Roach  
  158  25:03  Zergling x2  
  158  25:04  Hatchery, Zergling x30  
  173  25:19  Roach x2  
  177  25:24  Roach  
  179  25:31  Roach x2  
  181  25:38  Hatchery  
  172  25:49  Roach x3  
  165  25:56  Drone x3  
  165  25:57  Drone x3  
  169  26:01  Drone x4  
  169  26:02  Drone x2  
  167  26:05  Roach x2  
  167  26:08  Hydralisk  
  168  26:11  Drone  
  168  26:14  Extractor  
  168  26:16  Drone x3  
  171  26:27  Zergling x2  
  171  26:28  Zergling x16  
  171  26:29  Roach  
Show
View Real Time Build Order
Export as new Build Order

uThermal Terran 

Build Orders: Command Center First (CC), Liberator Opening, Mech 

Get SALT Encoding   

  12  0:01  SCV  
  13  0:13  SCV  
  14  0:17  Supply Depot  
  14  0:25  SCV  
  15  0:39  SCV  
  16  0:51  SCV  
  17  1:00  Command Center  
  17  1:04  SCV  
  18  1:14  Barracks  
  18  1:17  SCV  
  19  1:22  Refinery  
  19  1:29  SCV  
  19  1:31  Refinery  
  20  1:41  SCV  
  21  1:53  SCV  
  22  2:01  Reaper  
  22  2:06  Orbital Command  
  23  2:13  Orbital Command  
  23  2:18  Factory  
  23  2:31  SCV  
  23  2:34  Barracks Reactor  
  24  2:39  SCV  
  24  2:43  SCV  
  26  2:51  SCV  
  27  2:55  SCV  
  28  2:59  Supply Depot  
  28  3:02  Starport  
  28  3:03  SCV  
  29  3:08  SCV  
  30  3:13  Hellion  
  30  3:14  Hellion  
  30  3:16  SCV  
  35  3:20  SCV  
  35  3:22  Liberator  
  35  3:23  Supply Depot  
  35  3:25  Marine  
  37  3:28  SCV  
  37  3:32  SCV  
  39  3:35  Hellion x2  
  46  3:45  SCV, Barracks Tech Lab  
  47  3:48  Supply Depot  
  47  3:52  SCV  
  47  3:56  Hellion x2  
  47  3:57  SCV  
  52  4:07  SCV, Command Center  
  52  4:09  SCV  
  54  4:12  Supply Depot  
  54  4:17  Hellion  
  54  4:18  Hellion  
  54  4:19  SCV  
  59  4:29  Banshee  
  62  4:33  Refinery x2  
  62  4:34  SCV  
  63  4:40  Supply Depot  
  63  4:43  SCV  
  68  4:46  SCV  
  68  4:50  Cyclone  
  68  4:51  Cyclone  
  69  4:55  SCV  
  64  5:01  SCV, Armory  
  64  5:04  Armory  
  65  5:07  SCV  
  65  5:13  SCV  
  67  5:16  Cloaking Field, Banshee  
  67  5:19  SCV  
  67  5:20  Orbital Command  
  71  5:25  SCV  
  70  5:30  Refinery  
  70  5:32  SCV, Hellion x2  
  73  5:38  SCV  
  71  5:45  SCV, Factory x2  
  71  5:46  SCV, Refinery, Barracks Tech Lab  
  73  5:50  SCV  
  73  5:53  Hellion  
  76  5:58  SCV x2  
  76  6:01  Hellion, Supply Depot  
  76  6:03  SCV  
  81  6:09  Supply Depot  
  81  6:10  SCV  
  82  6:12  SCV  
  82  6:14  Hellion  
  82  6:16  SCV  
  86  6:22  SCV  
  86  6:24  Supply Depot  
  86  6:25  SCV  
  88  6:26  Hellion, Command Center  
  88  6:28  SCV  
  91  6:34  SCV  
  91  6:36  Hellion  
  91  6:39  Siege Tank  
  97  6:44  Factory, Starport Reactor  
  97  6:45  Factory  
  97  6:47  Siege Tank, Hellion  
  100  6:50  Terran Vehicle Weapons Level 1, Terran Vehicle And Ship Armor Level 1  
  100  6:51  SCV  
  103  6:56  SCV  
  103  6:59  SCV, Smart Servos, Infernal Pre-Igniter, Supply Depot x2  
  105  7:07  Hellion  
  107  7:10  SCV x2  
  109  7:16  Refinery, Supply Depot  
  109  7:19  Hellion  
  109  7:21  Hellion  
  113  7:23  Refinery  
  113  7:26  Viking  
  64  7:30  Viking  
  115  7:36  Hellion  
  115  7:37  Siege Tank  
  122  7:40  Orbital Command  
  122  7:42  SCV  
  122  7:43  SCV  
  124  7:44  SCV  
  124  7:48  Hellion  
  119  7:57  Siege Tank  
  124  7:59  Factory Reactor, Factory Tech Lab  
  124  8:00  SCV x2  
  124  8:01  SCV  
  124  8:04  Viking  
  127  8:08  Viking  
  127  8:09  Siege Tank  
  132  8:15  Hellion  
  132  8:17  Hellion  
  136  8:21  Hellion  
  136  8:25  Engineering Bay  
  138  8:35  Viking  
  138  8:36  Hellion  
  138  8:38  Viking  
  153  8:41  Hellion x2  
  153  8:42  Hellion  
  152  8:49  Terran Vehicle Weapons Level 2  
  152  8:50  Siege Tank  
  152  8:52  Supply Depot  
  152  8:54  Missile Turret  
  152  8:57  Missile Turret  
  152  9:00  Hellion  
  152  9:02  Siege Tank  
  156  9:03  Hellion  
  156  9:14  Siege Tank, Hellion, Sensor Tower, Supply Depot, Viking x2  
  165  9:19  Hellion  
  165  9:23  Siege Tank  
  170  9:24  Hellion  
  170  9:29  Hellion  
  172  9:34  Siege Tank  
  172  9:36  Hellion, Supply Depot  
  172  9:37  Supply Depot  
  173  9:40  Hellion  
  173  9:42  Hellion x6  
  173  9:44  Viking x2  
  179  9:47  Siege Tank, Supply Depot  
  179  9:50  Hellion  
  178  9:54  Terran Vehicle And Ship Armor Level 2  
  175  10:04  Command Center  
  178  10:09  Hellion  
  178  10:11  Hellion  
  180  10:18  Viking x2  
  180  10:19  Siege Tank  
  189  10:21  Hellion  
  189  10:32  Hellion  
  189  10:33  Hellion  
  193  10:37  Siege Tank  
  193  10:43  Hellion  
  193  10:48  Siege Tank  
  195  10:51  Siege Tank  
  195  10:56  Hellion  
  176  10:59  Hellion  
  176  11:00  Hellion  
  176  11:02  Viking  
  169  11:05  Hellion  
  169  11:09  Siege Tank  
  159  11:18  Hellion  
  157  11:19  Orbital Command  
  157  11:20  Siege Tank, Hellion  
  157  11:23  Siege Tank, Viking  
  157  11:24  Hellion  
  166  11:37  Terran Vehicle Weapons Level 3  
  166  11:39  Hellion, Factory  
  160  11:40  Factory  
  160  11:41  Siege Tank  
  160  11:42  Factory  
  161  11:48  Hellion x2  
  161  11:52  Siege Tank, Viking  
  161  11:53  Viking  
  161  11:54  Hellion  
  154  11:55  Siege Tank  
  154  12:01  Hellion  
  129  12:09  Hellion  
  129  12:14  Siege Tank, Hellion x4  
  131  12:16  Hellion x2  
  131  12:22  Hellion  
  136  12:24  Siege Tank  
  136  12:26  Factory Tech Lab  
  136  12:27  Siege Tank  
  141  12:36  Viking x2  
  145  12:38  Terran Vehicle And Ship Armor Level 3, Supply Depot  
  145  12:39  Hellion  
  145  12:43  Hellion x2  
  145  12:47  Siege Tank  
  145  12:48  Hellion  
  153  12:52  Hellion  
  156  13:00  Siege Tank, Hellion  
  156  13:02  Command Center  
  161  13:07  Siege Tank  
  165  13:13  Hellion  
  165  13:15  Hellion  
  165  13:18  Siege Tank  
  170  13:20  Siege Tank  
  170  13:22  Hellion  
  169  13:29  Viking x2  
  169  13:32  Siege Tank  
  162  13:35  Hellion  
  162  13:36  Hellion  
  162  13:37  Hellion x2  
  162  13:39  Siege Tank  
  173  13:43  Hellion  
  173  13:48  Sensor Tower  
  175  13:50  Siege Tank  
  175  13:52  Siege Tank  
  181  13:56  Hellion  
  181  13:57  Hellion  
  181  13:59  Viking x2  
  181  14:02  Hellion  
  187  14:04  Siege Tank  
  187  14:06  Hellion x2  
  194  14:11  Siege Tank  
  197  14:17  Hellion  
  199  14:31  Hellion  
  199  14:37  Hellion x9  
  191  14:42  Thor x2  
  191  14:44  Thor  
  191  14:45  Thor  
  195  14:48  Viking  
  195  14:52  Hellion x2  
  189  14:55  Viking  
  174  15:01  Hellion  
  176  15:11  Hellion  
  176  15:14  Hellion  
  165  15:19  Hellion x2  
  165  15:24  Hellion  
  165  15:25  Siege Tank, Thor  
  165  15:27  Siege Tank  
  182  15:28  Siege Tank  
  182  15:33  Hellion  
  182  15:35  Hellion  
  186  15:40  Hellion x4  
  186  15:41  Hellion  
  165  15:50  Viking x2  
  165  15:54  Hellion  
  166  15:57  Siege Tank  
  166  15:59  Siege Tank, Hellion x2  
  166  16:00  Siege Tank  
  159  16:07  Hellion  
  159  16:08  Siege Tank  
  164  16:16  Hellion  
  160  16:20  Viking  
  162  16:27  Planetary Fortress  
  162  16:29  Siege Tank  
  162  16:30  Hellion  
  162  16:31  Siege Tank  
  162  16:32  Siege Tank, Hellion  
  169  16:33  Hellion  
  169  16:36  Hellion  
  157  16:41  Hellion  
  157  16:44  Hellion  
  161  16:51  Hellion  
  161  16:53  Hellion  
  165  16:56  Hellion  
  165  16:59  Hellion  
  169  17:01  Siege Tank  
  169  17:03  Siege Tank, Hellion  
  169  17:04  Siege Tank  
  169  17:06  Orbital Command  
  169  17:08  Hellion  
  180  17:16  Viking  
  180  17:17  Hellion  
  180  17:18  Hellion  
  180  17:19  Hellion x4  
  163  17:22  Hellion  
  163  17:29  Siege Tank, Hellion  
  129  17:32  Refinery  
  129  17:33  Refinery  
  129  17:34  Siege Tank  
  129  17:35  Siege Tank, Hellion  
  137  17:37  Hellion  
  137  17:40  Hellion  
  137  17:42  Hellion  
  141  17:47  Hellion  
  141  17:51  SCV x5  
  148  17:52  SCV  
  148  17:54  Hellion  
  148  17:57  Hellion  
  148  17:58  Siege Tank  
  154  18:01  Hellion x2  
  154  18:04  Hellion, Viking  
  154  18:06  Hellion  
  154  18:08  Hellion  
  158  18:15  Hellion  
  158  18:16  Hellion  
  158  18:19  Hellion  
  156  18:22  Siege Tank  
  156  18:23  Hellion  
  156  18:25  Hellion  
  156  18:27  Siege Tank, Viking  
  165  18:29  Siege Tank  
  165  18:30  Hellion  
  165  18:31  Sensor Tower  
  173  18:36  Hellion  
  173  18:38  Hellion  
  173  18:40  Hellion  
  179  18:44  Hellion  
  179  18:45  Viking  
  179  18:46  Hellion  
  185  18:48  Refinery  
  185  18:49  Refinery  
  185  18:51  Siege Tank  
  185  18:54  Hellion  
  186  18:58  Hellion  
  186  18:59  Hellion x2  
  186  19:01  Hellion  
  194  19:06  Hellion  
  194  19:07  Hellion  
  194  19:09  Hellion  
  198  19:14  Viking  
  198  19:16  Siege Tank  
  195  19:19  Hellion  
  195  19:20  Hellion  
  195  19:21  Hellion x15  
  199  19:26  Terran Ship Weapons Level 1  
  199  19:29  Siege Tank, Hellion  
  196  19:32  Hellion  
  196  19:33  Viking  
  200  19:44  Hellion  
  194  19:56  Viking  
  194  19:57  Siege Tank x2, Hellion x2  
  194  19:58  Siege Tank, Hellion x2  
  192  20:01  Siege Tank  
  192  20:03  Viking  
  192  20:05  Hellion, Factory  
  199  20:07  Command Center  
  197  20:19  Hellion x2  
  197  20:21  Hellion x11  
  199  20:26  Hellion, Viking  
  193  20:29  Siege Tank x2  
  199  20:38  Hellion  
  199  20:47  Siege Tank, Hellion  
  199  20:48  Hellion  
  198  20:50  Factory Tech Lab  
  198  20:51  Factory Reactor, Viking  
  199  21:04  Hellion  
  199  21:05  Sensor Tower  
  193  21:13  Hellion  
  193  21:15  Hellion  
  200  21:21  Thor  
  200  21:45  Siege Tank  
  200  21:46  Hellion  
  193  21:53  Siege Tank, Hellion  
  193  21:54  Siege Tank, Viking  
  183  21:55  Siege Tank, Hellion x2, Viking  
  183  22:00  Hellion  
  181  22:01  Hellion  
  181  22:04  Siege Tank  
  181  22:07  Hellion  
  180  22:15  Hellion  
  168  22:16  Hellion  
  168  22:18  Siege Tank  
  168  22:21  Hellion  
  179  22:22  Hellion  
  176  22:39  Thor x3  
  177  22:45  Hellion x2  
  177  22:46  Hellion x2  
  177  22:47  Hellion  
  177  22:49  Hellion  
  170  22:57  Viking  
  170  22:58  Viking  
  165  23:18  Refinery  
  151  23:20  Hellion x4  
  151  23:22  Refinery, Hellion  
  151  23:23  Hellion  
  151  23:24  Hellion x2  
  163  23:28  Refinery, Hellion, Command Center  
  163  23:29  Refinery  
  162  23:34  Viking  
  146  23:41  Hellion  
  146  23:42  Hellion x3  
  146  23:44  Hellion x2  
  146  23:45  Hellion  
  146  23:46  Refinery x2, Hellion  
  160  23:49  Hellion  
  160  23:54  Viking  
  166  24:02  Hellion  
  166  24:04  Hellion x3  
  166  24:05  Hellion  
  174  24:13  Orbital Command  
  173  24:18  Hellion x3  
  179  24:34  Viking  
  169  24:52  Viking  
  144  24:57  Hellion  
  128  25:14  Hellion x8, Thor  
  130  25:26  Viking  
  125  25:34  SCV  
  125  25:35  SCV, Hellion x8  
  117  25:49  Viking  
  107  26:08  Viking  
  90  26:33  SCV x3  
Tags
 
Add a new tag
Caveats
  • Supply blocks, unpowered buildings, or Contaminate may cause inaccurate times.
  • Supply counts are checked every 10 seconds.